 Dungeon Crawl Stone Soup version 0.28.0-53-g5a82cb258f (webtiles) character file.

Game seed: 1500075866237565773

61 Sin92 the Skirmisher (level 3, -2/29 HPs)
             Began as a Demonspawn Fighter on June 27, 2022.
             Slain by Natasha (7 damage)
             ... on level 2 of the Dungeon.
             The game lasted 00:01:02 (1822 turns).

Sin92 the Skirmisher (Demonspawn Fighter)           Turns: 1822, Time: 00:01:02

Health: -2/29      AC:  6    Str: 16    XL:     3   Next: 83%
Magic:  3/3        EV:  9    Int:  9    God:
Gold:   91         SH:  5    Dex: 14    Spells: 2/2 levels left

rFire   . . .      SeeInvis .   a - +0 long sword
rCold   . . .      Faith    .   c - +0 buckler
rNeg    . . .      Spirit   .   b - +0 scale mail
rPois   .          Reflect  .   (no helmet)
rElec   .          Harm     .   (no cloak)
rCorr   .          Rampage  .   (no gloves)
Will    .....                   (no boots)
Stlth   ..........              (no amulet)
HPRegen 0.09/turn               (no ring)
MPRegen 0.08/turn               (no ring)

@: no status effects
A: powered by pain 1
a: no special abilities


You were on level 2 of the Dungeon.
You visited 1 branch of the dungeon, and saw 2 of its levels.

You collected 91 gold pieces.

Inventory:

Hand Weapons
 a - a +0 long sword (weapon)
Armour
 b - a +0 scale mail (worn)
 c - a +0 buckler (worn)
Scrolls
 f - 4 scrolls of identify {unknown}
Potions
 d - a potion of might
 e - a potion of haste {unknown}
 g - a potion of flight {unknown}
 i - 3 potions of heal wounds {unknown}
 j - a potion of curing {unknown}


   Skills:
 + Level 3.2 Fighting
 * Level 2.6 Long Blades
 + Level 3.0 Armour
 + Level 1.1 Dodging
 + Level 3.0 Shields


You had 2 spell levels left.
You didn't know any spells.
Your spell library contained the following spells:

 Spells                   Type           Power      Damage    Failure   Level
 Blink                    Tloc           0%         N/A       96%         2
 Manifold Assault         Tloc           0%         N/A       100%        5
 Storm Form               Tmut/Air       0%         N/A       100%        7


Dungeon Overview and Level Annotations

Branches:
Dungeon (2/15)

Altars:

Annotations:
D:2 1 runed translucent door, Crazy Yiuf, Natasha, Terence


Innate Abilities, Weirdness & Mutations

You sometimes gain a little power by taking damage.


Message History

There is a stone staircase leading down here.
Found an escape hatch in the floor.
Unknown command.
No target in view!
f - 4 scrolls labelled VELAOCOCSOU (gained 1) Terence and Natasha come into view.
Terence shouts!
Natasha hisses angrily.
You hear an angry hiss.
A frilled lizard comes into view.
Unknown command.
There are monsters nearby!
Unknown command.
You completely miss Terence. Terence barely misses you.
Terence hits you with a +0 mace.
There are monsters nearby!
You closely miss Terence. Terence hits you with a +0 mace!
You block Natasha's attack.
Unknown command.
You hit Terence.
Terence is lightly wounded.
Terence hits you with a +0 mace. Natasha casts a spell at you.
The magic dart hits you.
Unknown command.
There are monsters nearby!
You are too injured to fight recklessly!
Unknown command.
There are monsters nearby!
You are too injured to fight recklessly!
There are monsters nearby!
Unknown command.
You are too injured to fight recklessly!
Unknown command.
There are monsters nearby!
You are too injured to fight recklessly!
As you read the scroll labelled RUEMUZABESM, it crumbles to dust.
It is a scroll of amnesia.
You feel forgetful for a moment. Terence hits you with a +0 mace.
* * * LOW HITPOINT WARNING * * *
Natasha claws you!
You die...

................#
#.......####.#<#..#####
#.......# ##...##.#####
#.......# #.....#.....#
#.......# #.###.#####..
#...$...##..# #.# ###
#..........# #.# #
#....@hl.# #.## ####
#@..# #..# #...
###..#######.###.##
#.............#).>.
###................## #
#...............#####
..>.#...........##.....
...................####
#####.........######
#.........#


You could see Terence, Natasha and a frilled lizard.

Vanquished Creatures
  2 adders (D:2)
  A dart slug (D:1)
  2 bats
  5 endoplasms
  7 goblins
  7 hobgoblins
  A quokka (D:1)
  4 ball pythons (D:1)
  A frilled lizard (D:2)
  A kobold (D:1)
  6 rats
37 creatures vanquished.

Vanquished Creatures (others)
  10 plants (D:1)
10 creatures vanquished.

Grand Total: 47 creatures vanquished

Notes
Turn   | Place    | Note
-------+----------+-------------------------------------------
     0 | D:1      | Sin92 the Demonspawn Fighter began the quest for the Orb.
     0 | D:1      | Reached XP level 1. HP: 18/18 MP: 1/1
   370 | D:1      | Gained mutation: You sometimes gain a little power by
                  | taking damage. [demonic ancestry]
   370 | D:1      | Reached XP level 2. HP: 24/24 MP: 2/2
   733 | D:1      | Found a faded altar of an unknown god.
   791 | D:1      | Reached XP level 3. HP: 20/29 MP: 3/3
  1206 | D:2      | Reached skill level 1 in Dodging
  1637 | D:2      | Found a runed translucent door.
  1638 | D:2      | Noticed Crazy Yiuf
  1817 | D:2      | Noticed Terence
  1817 | D:2      | Noticed Natasha
  1822 | D:2      | Slain by Natasha

Illustrated notes

Levels and vault maps discovered:
D:1:      psy_arrival_dodecagon, layout_loops_cross, serial_bayou,
          serial_bayou_pond_e, serial_bayou_shore_b, serial_bayou_lagoon_a,
          serial_bayou_pond_b, ebering_ecumenical_altar_webs
D:2:      layout_rooms, serial_curves, eino_curves_02, eino_curves_01,
          minmay_misc_feat_rugged, grunt_ministairs_10, uniq_crazy_yiuf_cottage,
          uniq_terence, uniq_natasha

Skill      XL: |  1  2  3 |
---------------+----------+-----
Long Blades    | 2 |  2.6
Shields        | 3 |  3.0
Dodging        | 1 |  1.1
Armour         | 3 |  3.0
Fighting       | |  3.2

Action                   || total
-------------------------++-------
Melee: Long sword        ||   106
  Use: Scroll            ||     1
Armor: Scale mail        ||    38
Dodge: Dodged            ||    56
Block: Buckler           ||    36
